[Event "ICC tourney 2875 (40 10)"]
[Site "Internet Chess Club"]
[Date "2022.04.09"]
[Round "4"]
[White "Luo, Will:willluowin"]
[Black "HO, COOPER:arsenicblast"]
[Result "0-1"]
[ICCResult "White checkmated"]
[WhiteElo "1692"]
[BlackElo "1842"]
[Opening "English opening"]
[ECO "A20"]
[NIC "EO.24"]
[Time "17:45:14"]
[PlyCount "146"]
[TimeControl "2400+10"]

1. c4 e5 2. g3 Nf6 3. Bg2 d5 4. cxd5 Nxd5 5. Nc3 Nb6 6. Nf3 Nc6 7. O-O Be7
8. b3 O-O 9. Bb2 f5 10. d3 Bf6 11. Nd2 Be6 12. Nc4 Nd5 13. Nxd5 Bxd5 14. Qc2
Nd4 15. Qd2 Bxg2 16. Kxg2 Qd5+ 17. f3 b5 18. Ne3 Qe6 19. Nc2 c5 20. Rac1
Rac8 21. Ba3 b4 22. Bb2 Rfd8 23. Bxd4 exd4 24. Rfe1 Qd6 25. Red1 Re8 26. Re1
Rcd8 27. Na1 h5 28. Qc2 Rc8 29. Qc4+ Kf8 30. Nc2 f4 31. a3 fxg3 32. h3 Bg5
33. Rcd1 a5 34. Qb5 Re6 35. axb4 axb4 36. e4 dxe3 37. d4 Kg8 38. Qc4 Kh8 39.
dxc5 Qxc5 40. Qxc5 Rxc5 41. Nxb4 e2 42. Rd7 h4 43. Nd3 Rc2 44. f4 Bf6 45.
Ne5 Bxe5 46. fxe5 Rxe5 47. Rd4 g5 48. Rd8+ Kg7 49. b4 Rf5 50. Rd7+ Kf6 51.
Rd8 Rf2+ 52. Kg1 Ke7 53. Rd4 Rb2 54. Re4+ Kd6 55. Rg4 Rd2 56. Re4 Kd5 57.
Re8 Kc4 58. Re4+ Kb5 59. Re5+ Kxb4 60. Re4+ Kc3 61. Re8 g4 62. Rc1+ Kb2 63.
Re1 gxh3 64. Rb8+ Kc3 65. Rc8+ Kd3 66. Rd8+ Ke3 67. Re8+ Kf4 68. Rf8+ Kg4
69. Rxf2 gxf2+ 70. Kxf2 h2 71. Kg2 Rd1 72. Rxe2 h1=Q+ 73. Kf2 Qf3#
{White checkmated}
0-1

[Event "ICC tourney 2875 (40 10)"]
[Site "Internet Chess Club"]
[Date "2022.04.09"]
[Round "5"]
[White "LIANG, ETHAN Y:ELCCEthan488"]
[Black "CHINNI, RISHABH:alphachesplayer"]
[Result "1-0"]
[ICCResult "Black checkmated"]
[WhiteElo "1852"]
[BlackElo "1687"]
[Opening "Nimzo-Indian: three knights variation"]
[ECO "E21"]
[NIC "NI.28"]
[Time "20:00:26"]
[PlyCount "45"]
[TimeControl "2400+10"]

1. d4 Nf6 2. c4 e6 3. Nc3 Bb4 4. Nf3 c5 5. Bg5 d5 6. dxc5 Na6 7. e3 Nxc5 8.
cxd5 exd5 9. Bb5+ Bd7 10. O-O Bxb5 11. Nxb5 O-O 12. Qd4 Qa5 13. Bxf6 Qxb5
14. Qg4 g6 15. Nd4 Qd7 16. Qh4 Ne4 17. Be5 f6 18. Bg3 Bd6 19. Bxd6 Qxd6 20.
Rac1 f5 21. Nb5 Qd7 22. Rc7 Qd8 23. Qxh7# {Black checkmated} 1-0

[Event "ICC tourney 2875 (40 10)"]
[Site "Internet Chess Club"]
[Date "2022.04.09"]
[Round "5"]
[White "ALLEN, SPENCER NATHANIEL:SpencerNA"]
[Black "Luo, Will:willluowin"]
[Result "1-0"]
[ICCResult "Black checkmated"]
[WhiteElo "1649"]
[BlackElo "1692"]
[Opening "Caro-Kann: exchange variation"]
[ECO "B13"]
[NIC "CK.02"]
[Time "20:00:39"]
[PlyCount "103"]
[TimeControl "2400+10"]

1. e4 c6 2. d4 d5 3. exd5 cxd5 4. c3 Nc6 5. Bf4 Bf5 6. Qb3 Qd7 7. Nf3 Nf6 8.
Bb5 Qc8 9. Ne5 a6 10. Bxc6+ bxc6 11. Qa4 Bd7 12. Nd2 c5 13. Nxd7 Qxd7 14.
Qxd7+ Nxd7 15. Nf3 e6 16. O-O-O c4 17. Kc2 a5 18. b3 Rc8 19. bxc4 Rxc4 20.
Nd2 Rc8 21. Kd3 Be7 22. Rb1 O-O 23. Rb7 Rcd8 24. Bc7 Ra8 25. Rhb1 Nf6 26. a4
Rfc8 27. R1b5 Bd8 28. Bxd8 Rxd8 29. Nb3 Ne4 30. Rxa5 Rxa5 31. Nxa5 Nxf2+ 32.
Kc2 g6 33. Nc6 Rd6 34. Nb4 Ng4 35. a5 Ne3+ 36. Kd3 Nc4 37. a6 Na5 38. a7
Nxb7 39. a8=Q+ Nd8 40. Qb8 Rd7 41. Nc6 Kg7 42. Nxd8 Kh6 43. Nc6 f6 44. Qe8
Rg7 45. Qf8 f5 46. Nd8 e5 47. Ne6 e4+ 48. Ke2 Kh5 49. Qxg7 h6 50. Nf4+ Kg4
51. Qxg6+ Kxf4 52. Qg3# {Black checkmated} 1-0

[Event "ICC tourney 2875 (40 10)"]
[Site "Internet Chess Club"]
[Date "2022.04.09"]
[Round "5"]
[White "HU, MERRIC:K09-14686967"]
[Black "YANG, ALEXANDER:K05-16917728"]
[Result "1-0"]
[ICCResult "Black checkmated"]
[WhiteElo "2027"]
[BlackElo "1625"]
[Opening "Two knights defense (Modern bishop's opening)"]
[ECO "C55"]
[NIC "IG.01"]
[Time "20:01:07"]
[PlyCount "85"]
[TimeControl "2400+10"]

1. e4 e5 2. Nf3 Nc6 3. Bc4 Nf6 4. d3 h6 5. c3 Bc5 6. O-O d6 7. a4 a5 8. Na3
Bg4 9. h3 Bh5 10. Nc2 Qd7 11. Be3 Ba7 12. Bxa7 Nxa7 13. Ne3 O-O-O 14. g4 Bg6
15. Kg2 Bh7 16. b4 axb4 17. Qb3 c6 18. cxb4 g5 19. b5 c5 20. Bxf7 Bg8 21.
Bxg8 Rdxg8 22. Nd2 h5 23. f3 hxg4 24. hxg4 Rg7 25. Nd5 Nxd5 26. Qxd5 Rh4 27.
Nc4 Kb8 28. Nxd6 Rg6 29. Nf5 Qc8 30. Qxe5+ Ka8 31. Ne7 Rxg4+ 32. fxg4 Qxg4+
33. Kf2 Qh4+ 34. Qg3 Qh7 35. Nxg6 c4 36. Ke3 Nc8 37. Rf8 Qd7 38. dxc4 g4 39.
Rd1 Qe6 40. Qc7 g3 41. Rxc8+ Ka7 42. Qa5+ Qa6 43. b6# {Black checkmated} 1-0

[Event "ICC tourney 2875 (40 10)"]
[Site "Internet Chess Club"]
[Date "2022.04.09"]
[Round "5"]
[White "CHAMPSI, IMRAN:imranchamp"]
[Black "LYNN, BENNETT:ben622"]
[Result "0-1"]
[ICCResult "White checkmated"]
[WhiteElo "1696"]
[BlackElo "1813"]
[Opening "Alekhine's defense: exchange variation"]
[ECO "B02"]
[NIC "AL.08"]
[Time "20:00:34"]
[PlyCount "94"]
[TimeControl "2400+10"]

1. e4 Nf6 2. e5 Nd5 3. c4 Nb6 4. d4 d6 5. exd6 cxd6 6. Nc3 g6 7. Be3 Bg7 8.
Rc1 O-O 9. b3 e5 10. d5 f5 11. Be2 f4 12. Bd2 Bf5 13. h3 Na6 14. Nf3 e4 15.
Nh2 e3 16. fxe3 Qh4+ 17. Kf1 fxe3 18. Nf3 exd2 19. Nxh4 Bc2+ 20. Kg1 Bxd1
21. Rxd1 Bxc3 22. Nf3 Rae8 23. Bf1 Rxf3 24. gxf3 Re1 25. Rxd2 Bxd2 26. Kf2
Re5 27. h4 Nd7 28. h5 Rxh5 29. Rxh5 gxh5 30. Bh3 Ne5 31. Bc8 Nc5 32. a3 Nxb3
33. Bxb7 Kg7 34. Ba6 Nc5 35. Bb5 Kf6 36. f4 Bxf4 37. a4 Kg5 38. a5 Kg4 39.
a6 h4 40. Be8 h3 41. Kg1 Kg3 42. Bh5 Ng4 43. Bxg4 Kxg4 44. Kh1 Kg3 45. Kg1
h2+ 46. Kh1 Ne4 47. c5 Nf2# {White checkmated} 0-1

[Event "ICC tourney 2875 (40 10)"]
[Site "Internet Chess Club"]
[Date "2022.04.09"]
[Round "5"]
[White "YUAN, SERENA:doudou2011"]
[Black "JIN, JERRY:MysteryHunter"]
[Result "1-0"]
[ICCResult "Black checkmated"]
[WhiteElo "1651"]
[BlackElo "1595"]
[Opening "Catalan: closed, 5.Nf3"]
[ECO "E06"]
[NIC "CA.05"]
[Time "20:00:26"]
[PlyCount "65"]
[TimeControl "2400+10"]

1. d4 Nf6 2. Nf3 d5 3. c4 e6 4. g3 Be7 5. Bg2 O-O 6. O-O dxc4 7. Qc2 Nbd7 8.
Qxc4 c6 9. Nc3 Bd6 10. e4 e5 11. Rd1 Qe7 12. d5 Nb6 13. Qd3 cxd5 14. Bg5 d4
15. Nb5 h6 16. Bxf6 Qxf6 17. Nxd6 Qxd6 18. Qb5 Bg4 19. Rd2 Bxf3 20. Bxf3
Rfe8 21. Rc1 Rac8 22. Rdc2 Qe6 23. Rxc8 Rxc8 24. Rxc8+ Qxc8 25. Qxe5 Qc1+
26. Kg2 Qxb2 27. Qe8+ Kh7 28. Qxf7 d3 29. Bg4 Kh8 30. Qe8+ Kh7 31. Bf5+ g6
32. Qxg6+ Kh8 33. Qh7# {Black checkmated} 1-0

[Event "ICC tourney 2875 (40 10)"]
[Site "Internet Chess Club"]
[Date "2022.04.09"]
[Round "5"]
[White "JEGAN, ALAN:playtowin2020"]
[Black "LU, YIDING:K05-16857692"]
[Result "1-0"]
[ICCResult "Black resigns"]
[WhiteElo "2037"]
[BlackElo "1790"]
[Opening "French: Winawer, advance, Bogolyubov variation"]
[ECO "C17"]
[NIC "FR.10"]
[Time "20:00:12"]
[PlyCount "81"]
[TimeControl "2400+10"]

1. e4 e6 2. d4 d5 3. Nc3 Bb4 4. e5 c5 5. Bd2 Ne7 6. a3 Bxc3 7. Bxc3 Nbc6 8.
Nf3 b6 9. Be2 Bb7 10. Qd2 c4 11. h4 b5 12. h5 h6 13. g4 a5 14. Qf4 b4 15.
Bd2 Qb6 16. axb4 axb4 17. Rxa8+ Bxa8 18. c3 Qa5 19. cxb4 Qa1+ 20. Bc1 Nxb4
21. Kf1 Na2 22. Kg2 Nxc1 23. Qd2 O-O 24. Rxc1 Qa4 25. g5 Nf5 26. Kh2 Kh7 27.
Bd1 Qb5 28. Bc2 Rb8 29. gxh6 gxh6 30. Bxf5+ exf5 31. Qf4 Qd7 32. Rg1 Qc8 33.
Nh4 Rxb2 34. Nxf5 Rb6 35. Rg7+ Kh8 36. Rg6 Rxg6 37. hxg6 Kg8 38. Qxh6 Qxf5
39. Qh7+ Kf8 40. g7+ Ke7 41. Qxf5 {Black resigns} 1-0

[Event "ICC tourney 2875 (40 10)"]
[Site "Internet Chess Club"]
[Date "2022.04.09"]
[Round "5"]
[White "Qiao, Ethan:CougarForest"]
[Black "Vittal, Sanjana:MCTS13"]
[Result "0-1"]
[ICCResult "White resigns"]
[WhiteElo "1479"]
[BlackElo "1980"]
[Opening "Scotch gambit"]
[ECO "C44"]
[NIC "SO.06"]
[Time "20:00:34"]
[PlyCount "102"]
[TimeControl "2400+10"]

1. e4 e5 2. Nf3 Nc6 3. d4 exd4 4. Bc4 Bc5 5. Ng5 Nh6 6. Nxf7 Nxf7 7. Bxf7+
Kxf7 8. Qh5+ Kf8 9. Qxc5+ Qe7 10. Qf5+ Qf7 11. Qxf7+ Kxf7 12. Bf4 d6 13. Nd2
Nb4 14. Kd1 Re8 15. a3 Nc6 16. Re1 Be6 17. Nf3 Bg4 18. Kd2 Bxf3 19. gxf3 Ke6
20. Rg1 Rf8 21. Rg4 g6 22. Ke2 Rf7 23. Rag1 Ne5 24. Rh4 Raf8 25. Bxe5 dxe5
26. Rg3 c5 27. Rgh3 h5 28. Rg3 Rf6 29. Rg5 Rc8 30. Rh3 Re8 31. Rhg3 Kf7 32.
Kd3 b5 33. c3 c4+ 34. Kd2 Rd6 35. cxd4 Rxd4+ 36. Kc2 Re6 37. h4 a5 38. Rg1
b4 39. axb4 axb4 40. Rd1 b3+ 41. Kc1 Ra6 42. Rxd4 exd4 43. Rc5 Ra1+ 44. Kd2
c3+ 45. bxc3 dxc3+ 46. Rxc3 b2 47. Rb3 b1=Q 48. Rxb1 Rxb1 49. Ke3 Kf6 50.
Kf4 Re1 51. Kg3 Ke5 {White resigns} 0-1

[Event "ICC tourney 2875 (40 10)"]
[Site "Internet Chess Club"]
[Date "2022.04.09"]
[Round "5"]
[White "MENDES, AARON REEVE:K03-30164243"]
[Black "NATHAN, NITISH SG:K06-15494283"]
[Result "1/2-1/2"]
[ICCResult "Game drawn by mutual agreement"]
[WhiteElo "1750"]
[BlackElo "1908"]
[Opening "Sicilian: Labourdonnais-Löwenthal variation"]
[ECO "B32"]
[NIC "SI.32"]
[Time "20:00:22"]
[PlyCount "120"]
[TimeControl "2400+10"]

1. e4 c5 2. Nf3 Nc6 3. d4 cxd4 4. Nxd4 e5 5. Nxc6 bxc6 6. Bc4 Nf6 7. O-O
Nxe4 8. Re1 d5 9. Rxe4 dxc4 10. Rxe5+ Be6 11. Qe1 Bd6 12. Re2 O-O 13. Nc3
Rb8 14. b3 Qc7 15. h3 Rbd8 16. Bb2 Bb4 17. a3 Ba5 18. b4 Bb6 19. Na4 Bd5 20.
Qc3 f6 21. Rae1 Qf7 22. Nxb6 axb6 23. Qg3 Rd7 24. f4 Rfd8 25. f5 Kh8 26. Re6
Qf8 27. R6e3 Bf7 28. Qh4 Rd2 29. Bc3 R2d5 30. g4 Kg8 31. Qg3 Qd6 32. Qxd6
R5xd6 33. Re7 R6d7 34. Kf2 Kf8 35. Rxd7 Rxd7 36. Re2 b5 37. Rd2 Ra7 38. Bb2
Bd5 39. c3 Ke7 40. Re2+ Kd7 41. Bc1 Ra8 42. h4 Rf8 43. Be3 Re8 44. Bc5 Be4
45. h5 Bd5 46. Re3 Rxe3 47. Kxe3 Ke8 48. Kf4 Kf7 49. Be3 h6 50. Bc5 Bg2 51.
Bd6 Bf1 52. Bc5 Be2 53. Kg3 Kg8 54. Be3 Kf7 55. Bf4 Ke8 56. Bd2 Kf7 57. Be1
Ke8 58. Bf2 Kf7 59. Kf4 Ke8 60. Bc5 Kf7 {Game drawn by mutual agreement}
1/2-1/2

[Event "ICC tourney 2875 (40 10)"]
[Site "Internet Chess Club"]
[Date "2022.04.09"]
[Round "5"]
[White "SRIPADA, HAVISH:brilliantnessme"]
[Black "WU, JAYDEN:SparkyNinja"]
[Result "1-0"]
[ICCResult "Black resigns"]
[WhiteElo "1985"]
[BlackElo "1698"]
[Opening "Sicilian: Najdorf"]
[ECO "B90"]
[NIC "SI.14"]
[Time "20:01:07"]
[PlyCount "77"]
[TimeControl "2400+10"]

1. e4 c5 2. Nf3 d6 3. d4 cxd4 4. Nxd4 Nf6 5. Nc3 a6 6. Bd3 e5 7. Nde2 Be7 8.
O-O O-O 9. Ng3 Be6 10. h3 Nbd7 11. Qf3 Nc5 12. Bg5 b5 13. Nf5 b4 14. Ne2
Bxf5 15. Qxf5 Nfd7 16. Be3 Rc8 17. Ng3 Kh8 18. Qf3 Bg5 19. Nf5 Bxe3 20. Qxe3
Qf6 21. Rfd1 g6 22. Ng3 Nb6 23. Bxa6 Rc7 24. Bb5 Qe7 25. Qd2 Rd8 26. Qxb4 h5
27. a4 h4 28. Nf1 f5 29. exf5 gxf5 30. a5 Nc8 31. Ne3 Qg5 32. Nxf5 Rh7 33.
Ne3 Rg8 34. a6 Ne6 35. Bc4 Re7 36. Bxe6 Rxe6 37. a7 Nxa7 38. Rxa7 Reg6 39.
Ng4 {Black resigns} 1-0

[Event "ICC tourney 2875 (40 10)"]
[Site "Internet Chess Club"]
[Date "2022.04.09"]
[Round "5"]
[White "REISS, AIDEN:K09-16581243"]
[Black "LING, CHENXUAN:UnicornMM"]
[Result "0-1"]
[ICCResult "White checkmated"]
[WhiteElo "1833"]
[BlackElo "1740"]
[Opening "Sicilian: Pelikan, Chelyabinsk variation"]
[ECO "B33"]
[NIC "SI.37"]
[Time "20:00:29"]
[PlyCount "148"]
[TimeControl "2400+10"]

1. e4 c5 2. Ne2 Nc6 3. d4 cxd4 4. Nxd4 Nf6 5. Nc3 e5 6. Ndb5 d6 7. Bg5 a6 8.
Na3 b5 9. Nd5 Be7 10. Bxf6 Bxf6 11. c4 b4 12. Nc2 a5 13. g3 O-O 14. Bg2 Be6
15. O-O Bg5 16. Qd3 f5 17. h4 Bh6 18. exf5 Bxf5 19. Be4 Bxe4 20. Qxe4 Ne7
21. Rad1 Kh8 22. Rd3 Nxd5 23. Rxd5 Rc8 24. Rfd1 Qc7 25. b3 Rfd8 26. Qd3 Rf8
27. Rxd6 Qf7 28. Qe2 e4 29. Ne3 Bxe3 30. Qxe3 Rce8 31. Rd7 Qg6 32. R1d6 Qg4
33. Qg5 Qxg5 34. hxg5 e3 35. fxe3 Rxe3 36. Rd8 Kg8 37. Rxf8+ Kxf8 38. Kf2
Rc3 39. Ra6 Rc2+ 40. Ke3 Rxa2 41. Kd3 Rb2 42. Rxa5 Rxb3+ 43. Kd4 Rxg3 44.
Rf5+ Ke7 45. c5 b3 46. Re5+ Kd7 47. Rd5+ Kc7 48. Kc4 b2 49. Rd1 Rxg5 50. Rf1
Kc6 51. Kb3 Rg2 52. Rh1 Kxc5 53. Ka2 h6 54. Kb1 Kd6 55. Rf1 Ke5 56. Rf7 h5
57. Rf1 g5 58. Re1+ Kf4 59. Rf1+ Kg3 60. Ka2 h4 61. Kb3 h3 62. Kc3 h2 63.
Kd3 Rg1 64. Rf5 h1=Q 65. Rxg5+ Kf2 66. Rf5+ Qf3+ 67. Rxf3+ Kxf3 68. Kd2 b1=Q
69. Kc3 Rc1+ 70. Kd4 Qb4+ 71. Ke5 Rc5+ 72. Kd6 Qb6+ 73. Kd7 Rc7+ 74. Kd8
Qb8# {White checkmated} 0-1

[Event "ICC tourney 2875 (40 10)"]
[Site "Internet Chess Club"]
[Date "2022.04.09"]
[Round "5"]
[White "SHAWKAT, SAIF:saif-shawkat"]
[Black "Yan, Ruiyang:K01-30157975"]
[Result "0-1"]
[ICCResult "White resigns"]
[WhiteElo "1953"]
[BlackElo "2193"]
[Opening "Sicilian: Taimanov variation"]
[ECO "B48"]
[NIC "SI.40"]
[Time "20:00:19"]
[PlyCount "80"]
[TimeControl "2400+10"]

1. e4 c5 2. Nf3 e6 3. d4 cxd4 4. Nxd4 Nc6 5. Nc3 Qc7 6. Be3 a6 7. Qf3 Nf6 8.
O-O-O Be7 9. Be2 d6 10. Qg3 O-O 11. f4 Bd7 12. Kb1 b5 13. Bf3 Rac8 14. Rc1
Na5 15. e5 Ne8 16. Nf5 Nc6 17. Bb6 Qxb6 18. Bxc6 exf5 19. Bxd7 Rb8 20. Nd5
Qd8 21. e6 fxe6 22. Bxe6+ Kh8 23. Qd3 Nc7 24. Rhe1 Nxd5 25. Bxd5 Bf6 26. Re6
Qa5 27. Rxd6 Qb4 28. Bb3 a5 29. g3 a4 30. a3 Qa5 31. Be6 b4 32. Qd5 Qa7 33.
axb4 a3 34. Qa5 Qxa5 35. bxa5 Rxb2+ 36. Ka1 Rxc2+ 37. Kb1 Rb2+ 38. Ka1 Rxh2+
39. Kb1 Rb2+ 40. Ka1 Rb6+ {White resigns} 0-1

[Event "ICC tourney 2875 (40 10)"]
[Site "Internet Chess Club"]
[Date "2022.04.09"]
[Round "5"]
[White "Nguyen, Hoa Duc:leoman"]
[Black "RASULOV, VUGAR:Vugar-Rasulov"]
[Result "1-0"]
[ICCResult "Black resigns"]
[WhiteElo "2469"]
[BlackElo "2504"]
[Opening "QGD Slav: 3.Nf3"]
[ECO "D11"]
[NIC "SL.01"]
[Time "20:00:17"]
[PlyCount "53"]
[TimeControl "2400+10"]

1. d4 d5 2. c4 c6 3. Nf3 Nf6 4. Qb3 dxc4 5. Qxc4 Bg4 6. Nbd2 Nbd7 7. g3 e6
8. Bg2 Be7 9. Ne5 Bh5 10. Ndf3 O-O 11. O-O Rc8 12. Nxd7 Nxd7 13. Bf4 Qb6 14.
e4 Rfd8 15. Be3 c5 16. Rfc1 cxd4 17. Qxc8 Bxf3 18. Bxf3 Rxc8 19. Rxc8+ Bf8
20. Bf4 Qxb2 21. Rac1 e5 22. Bg5 Qa3 23. R1c7 f6 24. Bg4 Nb6 25. Be6+ Kh8
26. Rd8 Qb4 27. Bd2 {Black resigns} 1-0

[Event "ICC tourney 2875 (40 10)"]
[Site "Internet Chess Club"]
[Date "2022.04.09"]
[Round "5"]
[White "CHIANG, JACOB:Cobysters"]
[Black "WANG, JEFFERY:creativechesski"]
[Result "1/2-1/2"]
[ICCResult "Game drawn by mutual agreement"]
[WhiteElo "1897"]
[BlackElo "1865"]
[Opening "Grünfeld with Bf4 & e3"]
[ECO "D93"]
[NIC "GI.07"]
[Time "20:00:38"]
[PlyCount "62"]
[TimeControl "2400+10"]

1. d4 Nf6 2. c4 g6 3. Nf3 Bg7 4. Nc3 d5 5. Bf4 O-O 6. e3 c5 7. dxc5 Qa5 8.
Rc1 dxc4 9. Bxc4 Qxc5 10. Bb3 Nc6 11. O-O Qh5 12. Qe2 e5 13. Bg3 Rd8 14.
Rfd1 Bd7 15. Qe1 e4 16. Nd4 Ne5 17. Bc2 Bg4 18. Nce2 Bxe2 19. Qxe2 Qxe2 20.
Nxe2 Nc4 21. Rd4 Nxb2 22. Rb1 Nd3 23. Rxb7 Nc5 24. Rxa7 Nfd7 25. Rxa8 Rxa8
26. Rc4 Rxa2 27. h3 Bf8 28. Nd4 Nb6 29. Rb4 Ncd7 30. Rb1 Nd5 31. Bb3 Ra5
{Game drawn by mutual agreement}
1/2-1/2

[Event "ICC tourney 2875 (40 10)"]
[Site "Internet Chess Club"]
[Date "2022.04.09"]
[Round "5"]
[White "Tanenbaum, Zachary:MasterZachary"]
[Black "WANG, ALEXANDER J:ickyquarter"]
[Result "1-0"]
[ICCResult "Black resigns"]
[WhiteElo "2247"]
[BlackElo "1918"]
[Opening "Sicilian: dragon, Yugoslav attack, 7...O-O"]
[ECO "B76"]
[NIC "SI.17"]
[Time "20:00:21"]
[PlyCount "79"]
[TimeControl "2400+10"]

1. e4 c5 2. Nf3 d6 3. d4 cxd4 4. Nxd4 Nf6 5. Nc3 g6 6. Be3 Bg7 7. f3 O-O 8.
Qd2 Nc6 9. g4 Be6 10. Nxe6 fxe6 11. O-O-O Ne5 12. Be2 Qc8 13. h4 Nc4 14.
Bxc4 Qxc4 15. Kb1 Nd7 16. Qg2 Rac8 17. h5 Qb4 18. a3 Qa5 19. Bd4 Bxd4 20.
Rxd4 Qe5 21. Rd3 Qg7 22. hxg6 hxg6 23. f4 Rxf4 24. Rdh3 Nf8 25. Qh2 g5 26.
Ne2 Rf6 27. e5 dxe5 28. Ng3 Qg6 29. Rh8+ Kf7 30. Nh5 Rf3 31. Qe2 e4 32. Rf1
Ke8 33. Rd1 Kf7 34. Rd4 Rh3 35. Rxe4 Rh1+ 36. Ka2 Ke8 37. Qf3 Qf7 38. Qxh1
e5+ 39. Kb1 Qf2 40. Qd1 {Black resigns} 1-0

[Event "ICC tourney 2875 (40 10)"]
[Site "Internet Chess Club"]
[Date "2022.04.09"]
[Round "5"]
[White "BAGCHI, SOUNAK:Chesssaga"]
[Black "ARUTLA, ADITYA:adiaru27"]
[Result "0-1"]
[ICCResult "White resigns"]
[WhiteElo "1888"]
[BlackElo "1749"]
[Opening "French: Tarrasch, open variation"]
[ECO "C07"]
[NIC "FR.19"]
[Time "20:00:32"]
[PlyCount "102"]
[TimeControl "2400+10"]

1. e4 e6 2. d4 d5 3. Nd2 c5 4. exd5 Qxd5 5. dxc5 Qxc5 6. Ngf3 Nf6 7. Bd3 Qc7
8. O-O Nc6 9. a3 Be7 10. b4 O-O 11. Bb2 a6 12. Re1 b6 13. Qe2 Bb7 14. Ng5 h6
15. Nge4 e5 16. Nxf6+ Bxf6 17. Ne4 Be7 18. Qh5 Rae8 19. Ng3 Bg5 20. Nf5 Bc8
21. h4 Bxf5 22. Bxf5 Bf6 23. Bd3 Qd6 24. Rad1 Qe7 25. Re4 b5 26. Rde1 Qd8
27. Bc1 g6 28. Qxh6 Bg7 29. Qg5 f5 30. R4e3 Qxg5 31. hxg5 e4 32. Bf1 Nd4 33.
Rh3 Nxc2 34. Rd1 Rd8 35. Be2 Nd4 36. Kf1 Nxe2 37. Kxe2 Rxd1 38. Kxd1 Rd8+
39. Kc2 Rc8+ 40. Kb1 Rc3 41. Rxc3 Bxc3 42. Kc2 Bd4 43. Be3 Be5 44. g3 Kf7
45. Kb3 Ke6 46. a4 Kd5 47. axb5 axb5 48. Bc1 Ba1 49. Be3 Bd4 50. Ka3 Bxe3
51. fxe3 Kc4 {White resigns} 0-1

[Event "ICC tourney 2875 (40 10)"]
[Site "Internet Chess Club"]
[Date "2022.04.09"]
[Round "5"]
[White "DENG, HENRY:SuperPuzzler"]
[Black "TANG, DYLAN:ruitang"]
[Result "1-0"]
[ICCResult "Black resigns"]
[WhiteElo "2090"]
[BlackElo "1817"]
[Opening "Petrov: Nimzovich attack"]
[ECO "C42"]
[NIC "RG.03"]
[Time "20:00:26"]
[PlyCount "63"]
[TimeControl "2400+10"]

1. e4 e5 2. Nf3 Nf6 3. Nxe5 d6 4. Nf3 Nxe4 5. Nc3 Nxc3 6. dxc3 Be7 7. Be3
Nc6 8. Bd3 Be6 9. Qe2 Qd7 10. O-O-O a6 11. Kb1 O-O 12. h4 Bf5 13. Ng5 Ne5
14. Bxf5 Qxf5 15. f3 b5 16. g4 Qd7 17. Bc1 Rad8 18. Rdg1 f6 19. f4 fxg5 20.
hxg5 Nxg4 21. Rxg4 g6 22. Rg3 Rf7 23. Rgh3 Re8 24. Qh2 Bf8 25. f5 Rxf5 26.
Rxh7 Bg7 27. b3 Qe6 28. c4 bxc4 29. Rxg7+ Kxg7 30. Bb2+ Re5 31. Qh7+ Kf8 32.
Rf1+ {Black resigns} 1-0

[Event "ICC tourney 2875 (40 10)"]
[Site "Internet Chess Club"]
[Date "2022.04.09"]
[Round "5"]
[White "HO, COOPER:arsenicblast"]
[Black "Kodarapu, Ishaan:pika0008"]
[Result "0-1"]
[ICCResult "White resigns"]
[WhiteElo "1842"]
[BlackElo "1947"]
[Opening "Sicilian: Labourdonnais-Löwenthal (Kalashnikov) variation"]
[ECO "B32"]
[NIC "SI.32"]
[Time "20:00:20"]
[PlyCount "96"]
[TimeControl "2400+10"]

1. e4 c5 2. Nf3 Nc6 3. d4 cxd4 4. Nxd4 e5 5. Nb5 d6 6. N1c3 a6 7. Na3 b5 8.
Nd5 Nge7 9. c4 Nxd5 10. exd5 Nd4 11. Be3 Nf5 12. Bd3 g6 13. cxb5 Bg7 14. Nc2
O-O 15. O-O Nxe3 16. fxe3 f5 17. Bc4 axb5 18. Bxb5 e4 19. Bc6 Rb8 20. a4
Rxb2 21. Rb1 Rxb1 22. Qxb1 Ba6 23. Bb5 Qa5 24. Bxa6 Qxa6 25. Qb5 Ra8 26. Qc6
Qxc6 27. dxc6 Rxa4 28. Rb1 Rc4 29. Rb8+ Kf7 30. Rb7+ Ke6 31. Rxg7 Rxc2 32.
c7 f4 33. exf4 d5 34. Rxh7 d4 35. Rh8 Rxc7 36. Re8+ Kd5 37. Re5+ Kc4 38.
Rxe4 Kc3 39. Kf2 d3 40. Re6 d2 41. Rd6 Kc2 42. Kf3 d1=Q+ 43. Rxd1 Kxd1 44.
Ke4 Rc5 45. g4 Ke2 46. h4 Kf2 47. f5 Kg3 48. fxg6 Kxh4 {White resigns} 0-1

[Event "ICC tourney 2875 (40 10)"]
[Site "Internet Chess Club"]
[Date "2022.04.09"]
[Round "5"]
[White "HEBDEN, MARK L:mhebden"]
[Black "CHEN, RYO WENYU:e4f5"]
[Result "1/2-1/2"]
[ICCResult "Game drawn by mutual agreement"]
[WhiteElo "2498"]
[BlackElo "2295"]
[Opening "Sicilian: Richter-Rauzer, Rauzer attack"]
[ECO "B63"]
[NIC "SI.27"]
[Time "20:00:15"]
[PlyCount "254"]
[TimeControl "2400+10"]

1. e4 c5 2. Nf3 d6 3. d4 cxd4 4. Nxd4 Nf6 5. Nc3 Nc6 6. Bg5 e6 7. Qd2 Qb6 8.
Bxf6 gxf6 9. Nb3 Bd7 10. O-O-O O-O-O 11. Kb1 Kb8 12. f4 h5 13. g3 Na5 14.
Be2 Nxb3 15. axb3 Bc6 16. Rhf1 Qc5 17. f5 Qe5 18. Qd4 Be7 19. Bc4 Qxd4 20.
Rxd4 Bd7 21. Rdd1 Rdg8 22. Nb5 Bxb5 23. Bxb5 h4 24. Rf3 hxg3 25. hxg3 Rg4
26. Re1 a6 27. Bd7 e5 28. b4 d5 29. exd5 Bxb4 30. c3 Bd6 31. b4 Rhg8 32. Kb2
e4 33. Rfe3 Bxg3 34. R1e2 Be5 35. Ba4 Rg3 36. Bc2 Rxe3 37. Rxe3 Rg2 38. Kb3
b5 39. Bxe4 Rg3 40. Bf3 Kc7 41. c4 bxc4+ 42. Kxc4 Rh3 43. Rd3 Rh4+ 44. Kb3
Bd6 45. Rc3+ Kd7 46. Rc6 Rh3 47. Rc3 Be5 48. Rd3 Rh4 49. Ka4 Bd6 50. Rb3 Bc7
51. Ka3 Bd6 52. Ka4 Bc7 53. d6 Kxd6 54. Rc3 a5 55. Rc6+ Kd7 56. Rxf6 Rxb4+
57. Ka3 Ke7 58. Rc6 Bd6 59. f6+ Kd7 60. Ka2 Ra4+ 61. Kb2 Rf4 62. Bd5 Rxf6
63. Kb3 Rf5 64. Kc4 a4 65. Ra6 a3 66. Ra7+ Ke8 67. Ra8+ Ke7 68. Ra7+ Kf8 69.
Ra6 Be7 70. Kd4 Kg7 71. Ke4 Rf6 72. Ra7 Bf8 73. Ke5 Rf2 74. Ra8 Be7 75. Ra7
Bf6+ 76. Ke4 Bb2 77. Ra6 Rf6 78. Ra8 Rf1 79. Ra7 Re1+ 80. Kd3 Rd1+ 81. Kc4
Rd4+ 82. Kc5 Rf4 83. Kd6 Kg6 84. Ra8 Rf2 85. Rg8+ Kh7 86. Ra8 Kg7 87. Bc4 f5
88. Ke6 f4 89. Kf5 f3 90. Ra7+ Kf8 91. Ke4 Rc2 92. Bd5 f2 93. Rf7+ Ke8 94.
Kd3 Rc3+ 95. Kd2 Rc5 96. Ba2 Bd4 97. Kd3 Rc1 98. Kxd4 f1=Q 99. Rxf1 Rxf1
100. Kc3 Kd7 101. Kb4 Rf3 102. Bb3 Kc6 103. Kxa3 Kb5 104. Kb2 Kb4 105. Ba2
Rf2+ 106. Ka1 Kc3 107. Bb1 Kb3 108. Bg6 Ra2+ 109. Kb1 Rg2 110. Bf7+ Kc3 111.
Ka1 Rg1+ 112. Ka2 Rg7 113. Be6 Re7 114. Bf5 Re5 115. Bg6 Ra5+ 116. Kb1 Rg5
117. Be4 Re5 118. Bg6 Re2 119. Bh7 Rb2+ 120. Ka1 Kb3 121. Bg8+ Ka3 122. Bh7
Ra2+ 123. Kb1 Rh2 124. Bg8 Rh1+ 125. Kc2 Rg1 126. Be6 Re1 127. Bd5 Re2+
{Game drawn by mutual agreement}
1/2-1/2